TOP OF THE 1ST |
Mercer Island Screaming Eagles batting - Pitching for Leupp Arrowheads : RHP Rich Wright
|
Pitching: RHP Rich Wright
|
|
Batting: SHB Mauro López
|
0-0: Called Strike 0-1: Foul Ball, location: 2F 0-2: Foul Ball, location: 2F 0-2: Strikes out swinging
|
Batting: RHB Ted Cook
|
0-0: Swinging Strike 0-1: Foul Ball, location: 2F 0-2: Foul Ball, location: 2F 0-2: Ball 1-2: Ball 2-2: Foul Ball, location: 2F 2-2: Strikes out swinging
|
Batting: LHB Mike Russell
|
0-0: Ball 1-0: SINGLE (Flyball, 8LS)
|
Batting: RHB Luis Antonio Hernández
|
0-0: Foul Ball, location: 2F 0-1: Foul Ball, location: 2F 0-2: Ball 1-2: Ground out 6-3 (Groundball, 6)
|
Top of the 1st over - 0 run(s), 1 hit(s), 0 error(s), 1 left on base; Mercer Island 0 - Leupp 0 |
BOTTOM OF THE 1ST |
Leupp Arrowheads batting - Pitching for Mercer Island Screaming Eagles : LHP Jack King
|
Pitching: LHP Jack King
|
|
Batting: RHB Gabriel Pérez
|
0-0: Called Strike 0-1: Swinging Strike 0-2: Foul Ball, location: 2F 0-2: Ball 1-2: Ball 2-2: Fly out, F7 (Flyball, 7M)
|
Batting: RHB Javier Vásquez
|
0-0: Ground out 1-3 (Groundball, 25)
|
Batting: LHB Chris West
|
0-0: DOUBLE (Line Drive, 7LM)
|
Batting: LHB Tim Hill
|
0-0: Called Strike 0-1: Foul Ball, location: 2F 0-2: Strikes out swinging
|
Bottom of the 1st over - 0 run(s), 1 hit(s), 0 error(s), 1 left on base; Mercer Island 0 - Leupp 0 |
TOP OF THE 2ND |
Mercer Island Screaming Eagles batting - Pitching for Leupp Arrowheads : RHP Rich Wright
|
Batting: RHB Scotty Anderson
|
0-0: Ball 1-0: Ball 2-0: Ball 3-0: Swinging Strike 3-1: Base on Balls
|
Batting: RHB Paul Houston
|
0-0: Called Strike 0-1: Ball 1-1: Swinging Strike 1-2: Ball 2-2: Foul Ball, location: 2F 2-2: Ball 3-2: Base on Balls Scotty Anderson to second
|
Batting: LHB Emery Miller
|
0-0: Called Strike 0-1: Ball 1-1: Ball 2-1: Fielders Choice at 2nd, 4-6 (Groundball, 4) Scotty Anderson to third
|
Batting: LHB Nelson Plasenia
|
0-0: Ball 1-0: Swinging Strike 1-1: Ball 2-1: Ball 3-1: Foul Ball, location: 2F 3-2: Strikes out swinging
|
Batting: LHB Gregg Young
|
0-0: Ball Emery Miller steals 2nd base 1-0: Fly out, F9 (Flyball, 9M)
|
Top of the 2nd over - 0 run(s), 0 hit(s), 0 error(s), 2 left on base; Mercer Island 0 - Leupp 0 |
BOTTOM OF THE 2ND |
Leupp Arrowheads batting - Pitching for Mercer Island Screaming Eagles : LHP Jack King
|
Batting: LHB Ernie Zambrano
|
0-0: Ball 1-0: Foul Ball, location: 2F 1-1: Foul Ball, location: 2F 1-2: Strikes out swinging
|
Batting: SHB Adrián Pueblo
|
0-0: Called Strike 0-1: Called Strike 0-2: Strikes out swinging
|
Batting: SHB Albert Santos
|
0-0: Foul Ball, location: 2F 0-1: Swinging Strike 0-2: Ball 1-2: Foul Ball, location: 2F 1-2: Ball 2-2: Foul Ball, location: 2F 2-2: Strikes out swinging
|
Bottom of the 2nd over - 0 run(s), 0 hit(s), 0 error(s), 0 left on base; Mercer Island 0 - Leupp 0 |
TOP OF THE 3RD |
Mercer Island Screaming Eagles batting - Pitching for Leupp Arrowheads : RHP Rich Wright
|
Batting: SHB Mauro López
|
0-0: Ball 1-0: Called Strike 1-1: Foul Ball, location: 2F 1-2: Foul Ball, location: 2F 1-2: Ground out 1-3 (Groundball, 25)
|
Batting: RHB Ted Cook
|
0-0: Ball 1-0: Fly out, F8 (Flyball, 89M)
|
Batting: LHB Mike Russell
|
0-0: Foul Ball, location: 2F 0-1: Ball 1-1: Swinging Strike 1-2: SINGLE (Line Drive, 78S)
|
Batting: RHB Luis Antonio Hernández
|
0-0: Ground out 5-3 (Groundball, 5L)
|
Top of the 3rd over - 0 run(s), 1 hit(s), 0 error(s), 1 left on base; Mercer Island 0 - Leupp 0 |
BOTTOM OF THE 3RD |
Leupp Arrowheads batting - Pitching for Mercer Island Screaming Eagles : LHP Jack King
|
Batting: RHB Juan Tapia
|
0-0: Foul Ball, location: 2F 0-1: Swinging Strike 0-2: Ball 1-2: Foul Ball, location: 2F 1-2: Foul Ball, location: 2F 1-2: Ball 2-2: Foul Ball, location: 2F 2-2: Foul Ball, location: 2F 2-2: Fly out, F8 (Flyball, 8LM)
|
Batting: RHB José López
|
0-0: Ball 1-0: Ball 2-0: Ball 3-0: Base on Balls
|
Batting: RHB Gabriel Pérez
|
0-0: Ball 1-0: Foul Ball, location: 2F 1-1: Ball 2-1: Swinging Strike 2-2: SINGLE (Line Drive, 6D) José López to second
|
Batting: RHB Javier Vásquez
|
0-0: Ball 1-0: Grounds into double play, 4-6-3 (Groundball, 4)
|
Bottom of the 3rd over - 0 run(s), 1 hit(s), 0 error(s), 1 left on base; Mercer Island 0 - Leupp 0 |
TOP OF THE 4TH |
Mercer Island Screaming Eagles batting - Pitching for Leupp Arrowheads : RHP Rich Wright
|
Batting: RHB Scotty Anderson
|
0-0: Ball 1-0: Called Strike 1-1: SINGLE (Line Drive, 34D)
|
Batting: RHB Paul Houston
|
0-0: Ball 1-0: Swinging Strike 1-1: Swinging Strike 1-2: Ball 2-2: Strikes out looking
|
Batting: LHB Emery Miller
|
0-0: Ball 1-0: Called Strike 1-1: Called Strike 1-2: Strikes out swinging
|
Batting: LHB Nelson Plasenia
|
0-0: Foul Ball, location: 2F 0-1: Ball 1-1: DOUBLE (Line Drive, 78S) Scotty Anderson to third
|
Batting: LHB Gregg Young
|
0-0: Ball 1-0: Ground out 4-3 (Groundball, 34)
|
Top of the 4th over - 0 run(s), 2 hit(s), 0 error(s), 2 left on base; Mercer Island 0 - Leupp 0 |
BOTTOM OF THE 4TH |
Leupp Arrowheads batting - Pitching for Mercer Island Screaming Eagles : LHP Jack King
|
Batting: LHB Chris West
|
0-0: Ball 1-0: Swinging Strike 1-1: Foul Ball, location: 2F 1-2: Ball 2-2: Ground out 3-1 (Groundball, 34)
|
Batting: LHB Tim Hill
|
0-0: Ball 1-0: Foul Ball, location: 2F 1-1: Ball 2-1: Ball 3-1: Foul Ball, location: 2F 3-2: Fly out, F9 (Line Drive, 89S)
|
Batting: LHB Ernie Zambrano
|
0-0: Called Strike 0-1: Foul Ball, location: 2F 0-2: Ball 1-2: Fly out, F8 (Flyball, 8LS)
|
Bottom of the 4th over - 0 run(s), 0 hit(s), 0 error(s), 0 left on base; Mercer Island 0 - Leupp 0 |
TOP OF THE 5TH |
Mercer Island Screaming Eagles batting - Pitching for Leupp Arrowheads : RHP Rich Wright
|
Batting: SHB Mauro López
|
0-0: Ball 1-0: Ball 2-0: Called Strike 2-1: Fly out, F7 (Flyball, 78M)
|
Batting: RHB Ted Cook
|
0-0: Foul Ball, location: 2F 0-1: Ball 1-1: Ground out 6-3 (Groundball, 6)
|
Batting: LHB Mike Russell
|
0-0: Swinging Strike 0-1: Fly out, F6 (Popup, 6D)
|
Top of the 5th over - 0 run(s), 0 hit(s), 0 error(s), 0 left on base; Mercer Island 0 - Leupp 0 |
BOTTOM OF THE 5TH |
Leupp Arrowheads batting - Pitching for Mercer Island Screaming Eagles : LHP Jack King
|
Batting: SHB Adrián Pueblo
|
0-0: Ground out 5-3 (Groundball, 5S)
|
Batting: SHB Albert Santos
|
0-0: Foul Ball, location: 2F 0-1: Called Strike 0-2: Ball 1-2: Ball 2-2: Strikes out swinging
|
Batting: RHB Juan Tapia
|
0-0: Ball 1-0: SINGLE (Groundball, 6MD)
|
Batting: RHB José López
|
0-0: Ball 1-0: Ground out 6-3 (Groundball, 6)
|
Bottom of the 5th over - 0 run(s), 1 hit(s), 0 error(s), 1 left on base; Mercer Island 0 - Leupp 0 |
TOP OF THE 6TH |
Mercer Island Screaming Eagles batting - Pitching for Leupp Arrowheads : RHP Rich Wright
|
Batting: RHB Luis Antonio Hernández
|
0-0: Foul Ball, location: 2F 0-1: Foul Ball, location: 2F 0-2: Strikes out swinging
|
Batting: RHB Scotty Anderson
|
0-0: Ball 1-0: Foul Ball, location: 2F 1-1: Fly out, F5 (Popup, 5SF)
|
Batting: RHB Paul Houston
|
0-0: Ball 1-0: Ball 2-0: Foul Ball, location: 2F 2-1: Fly out, F8 (Flyball, 8RM)
|
Top of the 6th over - 0 run(s), 0 hit(s), 0 error(s), 0 left on base; Mercer Island 0 - Leupp 0 |
BOTTOM OF THE 6TH |
Leupp Arrowheads batting - Pitching for Mercer Island Screaming Eagles : LHP Jack King
|
Batting: RHB Gabriel Pérez
|
0-0: Ball 1-0: Called Strike 1-1: Called Strike 1-2: Strikes out looking
|
Batting: RHB Javier Vásquez
|
0-0: SINGLE (Groundball, 34D)
|
Batting: LHB Chris West
|
0-0: Ball 1-0: Fielders Choice at 2nd, U6 (Groundball, 6M)
|
Batting: LHB Tim Hill
|
0-0: Foul Ball, location: 2F 0-1: Ball 1-1: Ball 2-1: Ground out 4-3 (Groundball, 4)
|
Bottom of the 6th over - 0 run(s), 1 hit(s), 0 error(s), 1 left on base; Mercer Island 0 - Leupp 0 |
TOP OF THE 7TH |
Mercer Island Screaming Eagles batting - Pitching for Leupp Arrowheads : RHP Rich Wright
|
Batting: LHB Emery Miller
|
0-0: Called Strike 0-1: Foul Ball, location: 2F 0-2: Ball 1-2: Strikes out swinging
|
Batting: LHB Nelson Plasenia
|
0-0: Ball 1-0: Ball 2-0: Called Strike 2-1: Ball 3-1: Base on Balls
|
Pitching: RHP Harrison Teague
|
|
Pinch Hitting: LHB Tyrone Morgan
|
0-0: Swinging Strike 0-1: Swinging Strike 0-2: Ball 1-2: Strikes out swinging
|
Pinch Hitting: RHB P.J. O'Keefe
|
0-0: Ball 1-0: Ball 2-0: Fly out, F4 (Line Drive, 4)
|
Top of the 7th over - 0 run(s), 0 hit(s), 0 error(s), 1 left on base; Mercer Island 0 - Leupp 0 |
BOTTOM OF THE 7TH |
Leupp Arrowheads batting - Pitching for Mercer Island Screaming Eagles : LHP Jack King
|
Now at 1B: Luis Jiménez
|
|
Now at 2B: Tyrone Morgan
|
|
Pinch Hitting: RHB Javier González
|
0-0: Ball 1-0: Called Strike 1-1: DOUBLE (Line Drive, 8LXD)
|
Batting: SHB Adrián Pueblo
|
0-0: Intentional Walk
|
Pinch Hitting: RHB Jim Unknown
|
0-0: Grounds into double play, 6-4-3 (Groundball, 6) Javier González to third
|
Batting: RHB Juan Tapia
|
0-0: Ball 1-0: Foul Ball, location: 2F 1-1: Foul Ball, location: 2F 1-2: Foul Ball, location: 2F 1-2: Ball 2-2: Ball 3-2: Foul Ball, location: 2F 3-2: Base on Balls
|
Pinch Hitting: RHB Jorge Féliz
|
0-0: Called Strike 0-1: Ground out 3-1 (Groundball, 34)
|
Bottom of the 7th over - 0 run(s), 1 hit(s), 0 error(s), 2 left on base; Mercer Island 0 - Leupp 0 |
TOP OF THE 8TH |
Mercer Island Screaming Eagles batting - Pitching for Leupp Arrowheads : RHP Harrison Teague
|
Now at 3B: Jorge Féliz
|
|
Now at SS: Javier González
|
|
Now in LF: Jim Unknown
|
|
Pinch Hitting: RHB Kenzaburo Hori
|
0-0: Foul Ball, location: 2F 0-1: SINGLE (Groundball, 56D)
|
Batting: LHB Mike Russell
|
0-0: Ball Kenzaburo Hori is caught stealing 2nd base 1-0: SINGLE (Popup, 13)
|
Batting: RHB Luis Antonio Hernández
|
0-0: Ball 1-0: Ball 2-0: Called Strike 2-1: Foul Ball, location: 2F 2-2: Ball 3-2: Strikes out swinging
|
Batting: RHB Scotty Anderson
|
0-0: SINGLE (Groundball, 6MD) Mike Russell to second
|
Batting: RHB Paul Houston
|
0-0: Foul Ball, location: 2F 0-1: Ball 1-1: Called Strike 1-2: SINGLE (Line Drive, 8RS) Mike Russell to third Scotty Anderson to second
|
Batting: LHB Emery Miller
|
0-0: Ball 1-0: Ball 2-0: Ball 3-0: Called Strike 3-1: Base on Balls Mike Russell scores Scotty Anderson to third Paul Houston to second
|
Batting: LHB Nelson Plasenia
|
0-0: Ball 1-0: Called Strike 1-1: Hit by Pitch Scotty Anderson scores Paul Houston to third Emery Miller to second
|
Pinch Runner at 1st William Miles:
|
|
Batting: LHB Tyrone Morgan
|
0-0: Called Strike 0-1: Ball Wild Pitch! Paul Houston scores Emery Miller to third William Miles to second 1-1: Ball 2-1: Called Strike 2-2: Ball 3-2: Base on Balls
|
Pitching: RHP Alfonso Álvarez
|
|
Pinch Hitting: LHB Raúl Andrade
|
0-0: Called Strike 0-1: Ball 1-1: Ball 2-1: Called Strike 2-2: Strikes out swinging
|
Top of the 8th over - 3 run(s), 4 hit(s), 0 error(s), 3 left on base; Mercer Island 3 - Leupp 0 |
BOTTOM OF THE 8TH |
Leupp Arrowheads batting - Pitching for Mercer Island Screaming Eagles : LHP Jack King
|
Now at 1B: William Miles
|
|
Now at SS: Kenzaburo Hori
|
|
Batting: RHB Gabriel Pérez
|
0-0: Called Strike
|
Now in LF: Eric Peterson
|
0-1: Ground out 6-3 (Groundball, 6)
|
Batting: RHB Javier Vásquez
|
0-0: Reached on error, E4 (Groundball, 4)
|
Batting: LHB Chris West
|
0-0: Ball 1-0: Called Strike 1-1: Swinging Strike 1-2: Foul Ball, location: 2F 1-2: Foul Ball, location: 2F 1-2: Fly out, F6 (Popup, 6D)
|
Pitching: LHP James Scott
|
|
Batting: LHB Tim Hill
|
0-0: Ball 1-0: Ball 2-0: Called Strike 2-1: Ground out 4-3 (Groundball, 4M)
|
Bottom of the 8th over - 0 run(s), 0 hit(s), 1 error(s), 1 left on base; Mercer Island 3 - Leupp 0 |
TOP OF THE 9TH |
Mercer Island Screaming Eagles batting - Pitching for Leupp Arrowheads : RHP Alfonso Álvarez
|
Batting: RHB Kenzaburo Hori
|
0-0: Swinging Strike 0-1: Ground out 6-3 (Groundball, 6)
|
Batting: LHB Mike Russell
|
0-0: Ball 1-0: Fly out, F7 (Flyball, 7LMF)
|
Batting: RHB Luis Antonio Hernández
|
0-0: Ball Single, Error in OF, E7, batter to second base
|
Batting: RHB Scotty Anderson
|
0-0: Ball 1-0: Called Strike 1-1: Ground out 4-3 (Groundball, 4M)
|
Top of the 9th over - 0 run(s), 1 hit(s), 1 error(s), 1 left on base; Mercer Island 3 - Leupp 0 |
BOTTOM OF THE 9TH |
Leupp Arrowheads batting - Pitching for Mercer Island Screaming Eagles : LHP James Scott
|
Pitching: RHP León Vásquez
|
|
Batting: RHB Javier González
|
0-0: Ball 1-0: Ball 2-0: Foul Ball, location: 2F 2-1: Ball 3-1: Base on Balls
|
Batting: SHB Adrián Pueblo
|
0-0: Called Strike 0-1: Ground out 3-1 (Groundball, 34) Javier González to second
|
Batting: RHB Jim Unknown
|
0-0: Called Strike 0-1: Called Strike 0-2: Ground out 4-3 (Groundball, 4) Javier González to third
|
Batting: RHB Juan Tapia
|
0-0: Swinging Strike 0-1: Ground out 4-3 (Groundball, 4)
|
Bottom of the 9th over - 0 run(s), 0 hit(s), 0 error(s), 1 left on base; Mercer Island 3 - Leupp 0 |
|